 Dungeon Crawl Stone Soup version 0.13.0-7-g3df9ff1 (webtiles) character file.

345 MackTheKnife the Grave Robber (level 6, -9/41 HPs)
             Began as a Human Necromancer on Oct 16, 2013.
             Was an Initiate of Kikubaaqudgha.
             Killed from afar by an orc wizard (12 damage)
             ... with a puff of flame
             ... on Level 4 of the Dungeon.
             The game lasted 00:10:35 (5638 turns).

MackTheKnife the Grave Robber (Human Necromancer)   Turns: 5638, Time: 00:10:35

HP  -9/41        AC  4     Str  9      XL: 6   Next: 64%
MP   8/12        EV 12     Int 15      God: Kikubaaqudgha [......]
Gold 44          SH  0     Dex 15      Spells:  5 memorised,  0 levels left

Res.Fire  : . . .   See Invis. : .   y - +0 quarterstaff (drain)
Res.Cold  : . . .   Warding    : .   a - +0 robe
Life Prot.: . . .   Conserve   : .   (no shield)
Res.Poison: .       Res.Corr.  : .   (no helmet)
Res.Elec. : .       Clarity    : .   o - +0 cloak
Sust.Abil.: . .     Spirit.Shd : .   q - +0 pair of orc gloves
Res.Mut.  : .       Stasis     : .   (no boots)
Res.Rott. : .       Flight     : .   (no amulet)
Saprovore : . . .                    (no ring)
                                     (no ring)

@: regenerating (expiring), slightly resistant to hostile enchantments, fairly
stealthy
A: no striking features
a: Renounce Religion


You were on level 4 of the Dungeon.
You worshipped Kikubaaqudgha.
Kikubaaqudgha was noncommittal.
You were not hungry.

You visited 1 branch of the dungeon, and saw 4 of its levels.

You collected 24 gold pieces.

Inventory:

Hand weapons
 i - a +1,+2 anti-magic hand axe (quivered)
 y - a +0,+0 quarterstaff of draining (weapon)
Armour
 a - a +0 robe (worn)
 o - a +0 cloak (worn)
 q - a +0 pair of orcish gloves (worn)
Comestibles
 c - a bread ration
 f - a meat ration
 u - a choko
Scrolls
 d - a scroll of blinking {unknown}
 e - a scroll of remove curse
 h - a scroll of fog {unknown}
 k - a scroll of recharging {unknown}
 m - 4 scrolls of teleportation {unknown}
 n - a scroll of noise {unknown}
 p - a scroll of curse armour {unknown}
 s - a scroll of enchant weapon II {unknown}
 v - a scroll of enchant weapon I {unknown}
Potions
 g - a potion of flight {unknown}
 j - a potion of restore abilities {unknown}
 l - 2 potions of agility {unknown}
 r - a potion of heal wounds {unknown}
 x - 2 potions of poison {unknown}
Books
 b - a book of Necromancy

   Spells                             Type                      Level
   *Pain                              Necromancy                   1
   *Animate Skeleton                  Necromancy                   1
   *Lethal Infusion                   Charms/Necromancy            2
   Vampiric Draining                  Necromancy                   3
   *Regeneration                      Charms/Necromancy            3
   Animate Dead                       Necromancy                   4
   *Control Undead                    Necromancy                   4
Magical staves
 w - an uncursed staff of poison


   Skills:
 - Level 2.0 Dodging
 - Level 2.0 Stealth
 - Level 3.0 Spellcasting
 + Level 2.9 Charms
 + Level 5.8 Necromancy


You couldn't memorise any spells.
You knew the following spells:

 Your Spells              Type           Power        Failure   Level  Hunger
a - Pain                  Necr           ###.         1%          1    #......
b - Lethal Infusion       Chrm/Necr      ###.......   6%          2    ##.....
c - Regeneration          Chrm/Necr      ###.......   12%         3    ###....
d - Control Undead        Necr           ###.......   21%         4    #####..
e - Animate Skeleton      Necr           N/A          1%          1    #......


Dungeon Overview and Level Annotations

Branches:
Dungeon (4/27)
 Temple: D:4-7

Altars:
Kikubaaqudgha


Message History

Confirm with . or Enter, or press ? or * to list all spells.
Your skin crawls.
The orc closely misses you. It hits you.
* * * LOW HITPOINT WARNING * * *
You completely miss the orc.
The orc is severely wounded.
Your skin is crawling a little less now.
The orc hits you with an orcish short sword.
* * * LOW HITPOINT WARNING * * *
It hits you.
* * * LOW HITPOINT WARNING * * *
You hit the orc but do no damage. You drain the orc!
You kill the orc!
Kikubaaqudgha accepts your kill. It hits you.
* * * LOW HITPOINT WARNING * * *
You hit it but do no damage.
You hear some strange, mumbled words.
The puff of flame hits you!
You die...
Kikubaaqudgha rasps: "You have failed me!
Welcome... death!"

.......# #....## ....#### #.....#
....# #.....# ....# #.....# ....#
#....# ##### #####.)#.# #######
#(.o.o...# #.....# ## #)########
#.....# .# #)@...######.....# .#
#####.##.........# .#
#.##.#...##### .# #........# .#
####.....###### .# ##..........
.########################.#.#####
..................%..............
######################.####.##...


There were no monsters in sight!

Vanquished Creatures
  A phantom (D:4)
  A worker ant (D:4)
  A worker ant zombie (D:3)
  4 gnolls
  3 adders (D:2)
  2 giant mites
  A worm (D:4)
  An iguana zombie (D:3)
  An adder zombie (D:3)
  5 giant geckos
  2 oozes
  3 orcs (D:4)
  4 giant cockroaches
  13 hobgoblins
  7 jackals
  7 kobolds
  A quokka (D:2)
  4 ball pythons
  7 bats
  4 giant newts
  10 goblins
  2 hobgoblin zombies (D:3)
  A rat (D:2)
85 creatures vanquished.

Vanquished Creatures (collateral kills)
  A giant gecko (D:1)
  4 jackals (D:1)
5 creatures vanquished.

Vanquished Creatures (others)
  A bat skeleton (D:1)
  2 goblin skeletons (D:1)
  A hobgoblin skeleton (D:2)
  2 jackal skeletons (D:2)
6 creatures vanquished.

Grand Total: 96 creatures vanquished

Notes
Turn   | Place    | Note
--------------------------------------------------------------
     0 | D:1      | MackTheKnife, the Human Necromancer, began the quest for the Orb.
     0 | D:1      | Reached XP level 1. HP: 13/13 MP: 3/3
    99 | D:1      | Learned a level 1 spell: Animate Skeleton
   411 | D:1      | Reached XP level 2. HP: 14/19 MP: 0/4
   899 | D:1      | Reached XP level 3. HP: 7/24 MP: 1/6
  1886 | D:2      | Learned a level 3 spell: Regeneration
  1999 | D:2      | Reached XP level 4. HP: 26/30 MP: 3/8
  2534 | D:2      | Reached skill level 1 in Charms
  2534 | D:2      | Reached XP level 5. HP: 29/35 MP: 4/10
  3137 | D:2      | Reached skill level 5 in Necromancy
  3336 | D:3      | Found an ancient bone altar of Kikubaaqudgha.
  3346 | D:3      | Became a worshipper of Kikubaaqudgha
  3435 | D:3      | Learned a level 4 spell: Control Undead
  5209 | D:4      | Reached XP level 6. HP: 28/41 MP: 8/12
  5418 | D:4      | Learned a level 2 spell: Lethal Infusion
  5470 | D:4      | Noticed a phantom
  5495 | D:4      | Killed a phantom
  5637 | D:4      | HP: 2/41 [something (3)]
  5638 | D:4      | Killed from afar by an orc wizard

Action                   |  1- 3 |  4- 6 || total
-------------------------+-------+-------++-------
Melee: Short sword       |    60 |    10 ||    70
       Unarmed           |     4 |       ||     4
       Mace              |       |   163 ||   163
       Quarterstaff      |       |    49 ||    49
       War axe           |       |     1 ||     1
 Cast: Pain              |    39 |    37 ||    76
       Animate Skeleton  |     5 |     3 ||     8
       Control Undead    |       |     2 ||     2
       Regeneration      |       |     4 ||     4
       Lethal Infusion   |       |     2 ||     2
  Use: Scroll            |       |     1 ||     1
 Stab: Sleeping          |     3 |     3 ||     6
